 Dungeon Crawl Stone Soup version 0.30-a0-250-g41c1d76940 (webtiles) character file.

Game seed: 11108636770503690374

1795 chippings the Shooter (level 9, -3/65 HPs)
             Began as a Human Cinder Acolyte on Oct 12, 2022.
             Was an Elder of Ignis.
             Killed by an exploding killer bee (4 damage)
             ... ignited by their inner flame
             ... on level 7 of the Dungeon.
             The game lasted 00:17:02 (5567 turns).

chippings the Shooter (Human Cinder Acolyte)        Turns: 5567, Time: 00:17:04

Health: -3/65      AC: 10    Str: 15    XL:     9   Next: 30%
Magic:  1/15       EV: 15    Int: 19    God:    Ignis [****..]
Gold:   324        SH:  0    Dex:  8    Spells: 11/16 levels left

rFire   + . .      SeeInvis .    s - +1 arbalest
rCold   . . .      Faith    .    (shield currently unavailable)
rNeg    . . .      Spirit   .    B - +0 robe {Archmagi}
rPois   .          Reflect  .    (no helmet)
rElec   .          Harm     .    (no cloak)
rCorr   .          Rampage  .    (no gloves)
Will    .....      Archmagi +    i - +0 pair of boots
Stlth   +.........               k - amulet of the acrobat
HPRegen 0.30/turn                y - ring of wizardry
MPRegen 0.14/turn                D - +4 ring of evasion

@: lethally poisoned (-3 -> -12), attractive, fiery-armoured, hasted, very quick
A: wild magic 1
a: Renounce Religion, Fiery Armour, Foxfire Swarm, Rising Flame


You were on level 7 of the Dungeon.
You worshipped Ignis.
Ignis was greatly pleased with you.
You visited 2 branches of the dungeon, and saw 8 of its levels.

You collected 324 gold pieces.

Inventory:

Hand Weapons
 s - a +1 arbalest (weapon)
Armour
 i - a +0 pair of boots (worn)
 r - a +0 robe of resistance
 B - a +0 robe of the Archmagi (worn)
Magical Staves
 w - a staff of fire
Jewellery
 b - a ring of ice
 k - an amulet of the acrobat (around neck)
 x - the ring of the Endless Expanse {Ice Int+2}
   (You found it on level 4 of the Dungeon)

   [ring of ice]

   It enhances your ice magic.
   Int:       It affects your intelligence (+2).
   rF:        It makes you vulnerable to fire.
   rC:        It protects you from cold.
 y - a ring of wizardry (left hand)
 D - a +4 ring of evasion (right hand)
Scrolls
 a - 2 scrolls of poison
 d - 2 scrolls of magic mapping
 f - 2 scrolls of vulnerability
 g - 2 scrolls of fog
 h - a scroll of silence
 j - 2 scrolls of noise
 n - a scroll of immolation
 q - a scroll of blinking
 v - 4 scrolls of teleportation
 F - a scroll of summoning {unknown}
 G - 4 scrolls of identify
 H - a scroll of enchant weapon
 I - a scroll of brand weapon {unknown}
Potions
 e - 2 potions of attraction
 l - 2 potions of mutation
 o - a potion of might {unknown}
 p - 4 potions of heal wounds {unknown}
 t - 2 potions of invisibility {unknown}
 u - 3 potions of lignification {unknown}
 z - a potion of degeneration {unknown}
 A - a potion of cancellation {unknown}
 C - a potion of flight {unknown}
 E - a potion of resistance


   Skills:
 - Level 4.0 Fighting
 - Level 3.0 Polearms
 + Level 7.6 Ranged Weapons
 - Level 4.0 Spellcasting
 + Level 2.6 Hexes
 + Level 6.7 Fire Magic


You had 11 spell levels left.
You knew the following spells:

 Your Spells              Type           Power      Damage    Failure   Level
a - Scorch                Fire           100%       2d10      1%          2
b - Inner Flame           Hex/Fire       42%        N/A       4%          3

Your spell library contained the following spells:

 Spells                   Type           Power      Damage    Failure   Level
 Flame Wave               Conj/Fire      32%        2d9       19%         4
 Sticky Flame             Conj/Fire      32%        2d5       19%         4


Dungeon Overview and Level Annotations

Branches:
Dungeon (7/15)             Temple (1/1) D:6

Altars:
Ashenzari
Dithmenos
Elyvilon
Fedhas
Gozag
Hepliaklqana
Kikubaaqudgha
Makhleb
Nemelex Xobeh
Qazlal
Sif Muna
Trog
Uskayaw
Vehumet
Wu Jian
Xom
Yredelemnul
Zin
The Shining One

Shops:
D:2 :   D:6 *


Innate Abilities, Weirdness & Mutations

Your spells are a little harder to cast, but a little more powerful.


Message History

You kill the killer bee!
The killer bee misses you. The killer bee barely misses you.
Unknown command.
You shoot a bolt. The bolt barely misses the killer bee.
The killer bee stings you but does no damage.
The killer bee stings you! The killer bee stings you.
You feel better. The killer bee stings you.
You are poisoned.
The killer bee poisons you! The killer bee stings you.
* * * LOW HITPOINT WARNING * * *
You are more poisoned.
The killer bee poisons you!
It was a potion of attraction.
You feel attractive to monsters.
You feel very sick. The killer bee misses you.
The killer bee barely misses you.
A protective cloak of flame settles atop you.
You feel very sick. The killer bee closely misses you.
The killer bee stings you.
* * * LOW HITPOINT WARNING * * *
You are more poisoned.
The killer bee poisons you!
The killer bee is burned by your cloak of flames.
Flame seeps out of the killer bee.
The killer bee is moderately wounded.
It was a potion of mutation.
You feel extremely strange.
You feel less in control of your magic.
* * * LOW HITPOINT WARNING * * *
You feel very sick.
The killer bee is engulfed in blazing flames.
Flame seeps out of the killer bee.
The killer bee barely misses you.
The killer bee is engulfed in blazing flames.
Flame seeps out of the killer bee.
The killer bee closely misses you.
It was a potion of haste.
You feel yourself speed up.
* * * LOW HITPOINT WARNING * * *
You feel very sick.
The killer bee is engulfed in blazing flames.
The killer bee explodes!
The fiery explosion engulfs you. You resist.
You die...

##.######
#.......#
#.#...#.# #y.##.#
..y##..# ...##.#§#
...##..#°# #
#.##.#.#@# #.
#.#.##.#.# #.#.#
#)#.##.#.##
.#.##.#
#.#.#.##..#
...##..#.#..##...#
##..##.#.#.##....#
.....##...##....##
....##.##....##
#..#.#....##


There were no monsters in sight!

Vanquished Creatures
  An orc warrior (D:6)
  2 ice beasts (D:5)
  A sky beast (D:6)
  2 black bears
  2 ogres
  A phantom (D:5)
  Blork the orc (D:4)
  A bullfrog (D:6)
  2 scorpions
  4 killer bees (D:7)
  3 vampire bats (D:3)
  3 hounds
  2 orc priests (D:4)
  Jessica (D:3)
  An iguana (D:5)
  4 orc wizards
  10 adders
  A shadow imp (D:6)
  A white imp (D:6)
  An ufetubus (D:6)
  2 dart slugs
  17 orcs
  4 bat skeletons (D:3)
  2 bat zombies (D:3)
  10 endoplasms
  2 giant cockroaches
  3 hobgoblins
  2 jackals (D:5)
  4 kobolds
  4 quokkas
  4 ball pythons
  2 frilled lizards (D:1)
  5 goblins
  5 rats
110 creatures vanquished.

Vanquished Creatures (others)
  18 foxfires (D:3)
18 creatures vanquished.

Grand Total: 128 creatures vanquished

Notes
Turn   | Place    | Note
-------+----------+-------------------------------------------
     0 | D:1      | chippings the Human Cinder Acolyte began the quest for the
                  | Orb.
     0 | D:1      | Reached XP level 1. HP: 18/18 MP: 2/2
   200 | D:1      | Reached XP level 2. HP: 19/24 MP: 4/4
   208 | D:1      | Learned a level 2 spell: Scorch
   511 | D:1      | Reached XP level 3. HP: 29/29 MP: 5/5
   784 | D:2      | Found a faded altar of an unknown god.
   972 | D:2      | Found an ornate altar of the Wu Jian Council.
  1056 | D:2      | Reached XP level 4. HP: 34/35 MP: 7/7
  1295 | D:2      | Found Eci Bami's Book Shoppe.
  1389 | D:3      | Noticed Jessica
  1395 | D:3      | Killed Jessica
  1396 | D:3      | Reached XP level 5. HP: 29/41 MP: 7/9
  1399 | D:3      | Found an opulent altar of Gozag.
  1888 | D:3      | Found an ancient bone altar of Kikubaaqudgha.
  1894 | D:3      | Reached skill level 1 in Ranged Weapons
  1897 | D:3      | Reached XP level 6. HP: 37/47 MP: 3/10
  2109 | D:4      | Identified the ring of the Endless Expanse {Ice Int+2}
  2175 | D:4      | Noticed Blork the orc
  2185 | D:4      | Killed Blork the orc
  2186 | D:4      | Reached skill level 2 in Ranged Weapons
  2186 | D:4      | Reached skill level 5 in Fire Magic
  2281 | D:4      | Found a glowing golden altar of the Shining One.
  2281 | D:4      | Found a white marble altar of Elyvilon.
  2282 | D:4      | Found a glowing silver altar of Zin.
  2390 | D:4      | Reached XP level 7. HP: 33/52 MP: 1/12
  2572 | D:4      | Found a shimmering blue altar of Sif Muna.
  3031 | D:4      | Found a shimmering altar of Xom.
  3176 | D:5      | Entered Level 5 of the Dungeon
  3262 | D:5      | Reached skill level 3 in Ranged Weapons
  3396 | D:5      | Reached skill level 4 in Ranged Weapons
  3706 | D:5      | Found a stormy altar of Qazlal.
  3725 | D:5      | Reached XP level 8. HP: 50/58 MP: 7/14
  4161 | D:5      | Reached skill level 5 in Ranged Weapons
  4656 | D:6      | Reached skill level 6 in Ranged Weapons
  4709 | D:6      | Reached skill level 7 in Ranged Weapons
  4722 | D:6      | Learned a level 3 spell: Inner Flame
  4786 | D:6      | Reached XP level 9. HP: 65/65 MP: 11/15
  4941 | D:6      | Found a burning altar of Makhleb.
  5077 | D:6      | Reached skill level 1 in Hexes
  5077 | D:6      | Found Ohoicam's CLEARANCE SALE!.
  5315 | D:6      | Found a staircase to the Ecumenical Temple.
  5320 | Temple   | Entered the Ecumenical Temple
  5566 | D:7      | Gained mutation: Your spells are a little harder to cast,
                  | but a little more powerful. [potion of mutation]
  5566 | D:7      | HP: 3/65 [poisoned by a killer bee]
  5567 | D:7      | HP: 1/65 [poisoned by a killer bee]
  5567 | D:7      | Killed by an exploding killer bee... ignited by their inner
                  | flame

Illustrated notes

Levels and vault maps discovered:
D:1:      lightli_arrival_quake, layout_basic
D:2:      layout_loops_ring, basic_altar, serial_shops, nicolae_shop_waterfront,
          shapermc_ecumenical_altar_pompeii
D:3:      layout_rooms, kennysheep_vampire_church, nicolae_gozag_seed_capital,
          minmay_liquid_box, uniq_jessica
D:4:      nicolae_cairo_tiling, layout_basic, good_gods_temple_1,
          nicolae_sif_muna_condensation, mainiacjoe_overflow_alcove_4,
          uniq_blork_the_orc
D:5:      layout_layer_cave, kennysheep_mini, minmay_quadrilaterals
D:6:      layout_basic, lightli_temple_of_fire, temple_statues,
          nicolae_shop_clearance
D:7:      layout_rooms, serial_shops, shop, minmay_parallelograms, uniq_duvessa
Temple:   compressed_dpeg_circular_temple

Skill      XL: |  1  2  3  4  5  6  7  8  9 |
---------------+----------------------------+-----
Spellcasting   | 2 3 4 |  4.0
Fire Magic     | 4 5 6 |  6.7
Ranged Weapons | 1 2 4 7 |  7.6
Fighting       | 4 |  4.0
Hexes          | 2 |  2.6
Polearms       | |  3.0

Action                   |  1- 3 |  4- 6 |  7- 9 || total
-------------------------+-------+-------+-------++-------
Melee: Spear             |    84 |     8 |       ||    92
 Fire: Arbalest          |       |    52 |    89 ||   141
 Cast: Scorch            |     2 |    25 |    58 ||    85
       Inner Flame       |       |       |     5 ||     5
Invok: Foxfire Swarm     |       |     1 |       ||     1
       Fiery Armour      |       |       |     2 ||     2
  Use: Scroll            |       |       |    11 ||    11
       Potion            |       |       |     4 ||     4
Armor: Robe              |    11 |     1 |    11 ||    23
       Leather armour    |       |    53 |     2 ||    55
Dodge: Dodged            |    26 |    90 |    84 ||   200

Table legend: (Time is in decaauts)
 A = Elapsed time spent in this place.
 B = Non-inter-level travel time spent in this place.
 C = Inter-level travel time spent in this place.
 D = Time resting spent in this place.
 E = Time spent auto-exploring this place.
 F = Levels seen in this place.
 G = Mean time per level.
                   A        B        C        D        E       F      G
               +--------+--------+--------+--------+--------+-----+--------+
         Total |   5661 |   5540 |    121 |      0 |   3964 |   8 |  707.6 |
       Dungeon |   5591 |   5470 |    121 |      0 |   3964 |   7 |  798.7 |
        Temple |     69 |     69 |      0 |      0 |      0 |   1 |   69.0 |
               +--------+--------+--------+--------+--------+-----+--------+

Top non-repeatable levels by time:
     D:5: 1315 daAuts
     D:4: 1152 daAuts
     D:6: 892 daAuts
     D:3: 735 daAuts
     D:1: 684 daAuts
     D:2: 647 daAuts
     D:7: 164 daAuts
  Temple: 69 daAuts
